 Dungeon Crawl Stone Soup version 0.24-a0-516-g9de272bb65 (webtiles) character file.

Game seed: 3700245732457100398

1096 Greboboi the Chopper (level 8, -1/68 HPs)
             Began as a Minotaur Fighter on July 22, 2019.
             Slain by a killer bee (4 damage)
             ... on level 6 of the Dungeon.
             The game lasted 00:15:00 (4746 turns).

Greboboi the Chopper (Minotaur Fighter)             Turns: 4746, Time: 00:15:01

Health: -1/68      AC:  9    Str: 21    XL:     8   Next: 10%
Magic:  7/7        EV:  9    Int:  5    God:
Gold:   432        SH: 10    Dex: 12    Spells: 7/7 levels left

rFire    . . .     SeeInvis +   a - +0 war axe
rCold    . . .     Gourm    .   c - +0 shield
rNeg     . . .     Faith    .   b - +0 scale mail
rPois    .         Spirit   .   (helmet restricted)
rElec    .         Reflect  .   (no cloak)
rCorr    .         Harm     .   d - +1 pair of gloves
MR       .....                  (no boots)
Stlth    +.........             (no amulet)
HPRegen  0.21/turn              i - ring of see invisible
MPRegen  0.10/turn              l - ring of stealth

@: lethally poisoned (-1 -> -22)
A: retaliatory headbutt, horns 2
a: no special abilities


You were on level 6 of the Dungeon.
You were hungry.

You visited 1 branch of the dungeon, and saw 6 of its levels.

You collected 432 gold pieces.

Inventory:

Hand Weapons
 a - a +0 war axe (weapon)
Armour
 b - a +0 scale mail (worn)
 c - a +0 shield (worn)
 d - a +1 pair of gloves (worn)
Jewellery
 i - a ring of see invisible (left hand)
 l - a ring of stealth (right hand)
 q - an uncursed ring of attention
 w - a +6 ring of intelligence {unknown}
Wands
 s - a wand of digging (5)
Scrolls
 e - a scroll of remove curse
 h - 4 scrolls of identify
 p - 2 scrolls of enchant armour {unknown}
 r - a scroll of magic mapping {unknown}
 v - a scroll of amnesia {unknown}
 y - a scroll of random uselessness {unknown}
Potions
 g - 2 potions of invisibility
 j - 3 potions of curing
 k - 2 potions of ambrosia {unknown}
 m - 4 potions of brilliance
 n - a potion of mutation {unknown}
 o - a potion of resistance {unknown}
 t - a potion of might
 u - a potion of flight {unknown}
 x - a potion of heal wounds {unknown}
 A - a potion of magic {unknown}
Comestibles
 f - 14 rations
 z - 3 chunks of flesh


   Skills:
 + Level 5.3 Fighting
 + Level 7.7 Axes
 - Level 6.0 Armour
 - Level 3.0 Dodging
 + Level 0.5 Stealth
 + Level 6.0 Shields


You had 7 spell levels left.
You didn't know any spells.
Your spell library was empty.

Dungeon Overview and Level Annotations

Branches:
Dungeon (6/15)
 Temple: D:4-7

Altars:
Ashenzari
Dithmenos
Elyvilon
Nemelex Xobeh
Qazlal
Vehumet

Annotations:
D:5 2 transporters


Innate Abilities, Weirdness & Mutations

You reflexively headbutt those who attack you in melee.
You have a pair of horns on your head.


Message History

The killer bee is severely wounded.
You feel sick. The killer bee stings you.
* * * LOW HITPOINT WARNING * * *
You are more poisoned.
The killer bee poisons you!
The killer bee stings you but does no damage.
The killer bee stings you.
* * * LOW HITPOINT WARNING * * *
You hit the killer bee but do no damage.
The killer bee is severely wounded.
* * * LOW HITPOINT WARNING * * *
You feel sick. The killer bee stings you!
* * * LOW HITPOINT WARNING * * *
You are more poisoned.
The killer bee poisons you! You block the killer bee's attack.
You closely miss the killer bee.
The killer bee is severely wounded.
* * * LOW HITPOINT WARNING * * *
You feel sick. The killer bee barely misses you. The killer bee stings you.
You die...

#...# . ... #...# #.#
#...# #.###### #...#
##......###. ####.##
##..††.......
.....#######.###o##.##.
...##.....#.## #y.#.##..##
##.##.###..#####y#........
...............#@#†###..##
##.##.###..###.#.#.#
##.##.....#.##.#....
##.#########.#.#.### ....
#.......# #### #....##.# #
#.....#. # #.....#.# #
#.....#


You could see 2 killer bees and an orc.

Vanquished Creatures
  2 ogres
  A phantom (D:4)
  A centaur (D:5)
  A scorpion (D:5)
  3 killer bees (D:6)
  A howler monkey (D:5)
  A crimson imp (D:5)
  A jelly (D:6)
  2 orc priests
  3 orc wizards (D:3)
  3 worker ants
  Robin (D:2)
  3 gnolls (D:2)
  12 adders
  2 worms
  2 dart slugs
  A leopard gecko (D:1)
  20 orcs
  4 bats (D:2)
  2 giant cockroaches
  12 goblins
  14 hobgoblins
  4 jackals
  A quokka (D:2)
  A ball python (D:4)
  4 frilled lizards
  6 kobolds
  A quokka skeleton (D:4)
  5 rats
114 creatures vanquished.

Notes
Turn   | Place    | Note
-------+----------+-------------------------------------------
     0 | D:1      | Greboboi the Minotaur Fighter began the quest for the Orb.
     0 | D:1      | Reached XP level 1. HP: 19/19 MP: 0/0
    96 | D:1      | Reached XP level 2. HP: 27/27 MP: 1/1
   131 | D:1      | You fall into a shaft and drop 1 floor!
   728 | D:1      | Found a sparkling altar of Nemelex Xobeh.
  1030 | D:2      | Found a white marble altar of Elyvilon.
  1078 | D:2      | Reached skill level 3 in Axes
  1078 | D:2      | Reached XP level 3. HP: 16/33 MP: 2/2
  1297 | D:2      | Noticed Robin
  1317 | D:2      | Killed Robin
  1317 | D:2      | Reached skill level 1 in Dodging
  1319 | D:2      | Reached XP level 4. HP: 31/40 MP: 3/3
  2164 | D:3      | Noticed an ogre
  2170 | D:3      | Killed an ogre
  2170 | D:3      | Reached skill level 4 in Axes
  2170 | D:3      | Reached XP level 5. HP: 47/47 MP: 4/4
  2251 | D:3      | Reached XP level 6. HP: 41/53 MP: 5/5
  2525 | D:3      | Reached skill level 5 in Axes
  2527 | D:3      | Reached skill level 5 in Armour
  2846 | D:3      | Found a radiant altar of Vehumet.
  3072 | D:4      | Reached XP level 7. HP: 34/60 MP: 6/6
  3163 | D:4      | Reached skill level 6 in Axes
  3163 | D:4      | Reached skill level 5 in Shields
  3555 | D:5      | Entered Level 5 of the Dungeon
  3610 | D:5      | Found a stormy altar of Qazlal.
  3768 | D:5      | Found a transporter.
  3791 | D:5      | Reached skill level 5 in Fighting
  3799 | D:5      | Found a shattered altar of Ashenzari.
  3882 | D:5      | Found a transporter.
  3936 | D:5      | Reached skill level 7 in Axes
  4107 | D:5      | Found a shadowy altar of Dithmenos.
  4730 | D:6      | Reached XP level 8. HP: 47/68 MP: 7/7
  4746 | D:6      | HP: 3/68 [poisoned by a killer bee]
  4746 | D:6      | Slain by a killer bee

Levels and vault maps discovered:
D:1:      dpeg_arrival_lava_altar, layout_basic,
          nemelex_xobeh_ov_fountains_minmay
D:2:      layout_loops_corners, marbit_many_paths, minmay_tetromino_s4,
          uniq_robin
D:3:      layout_loops_ring, fiery_altar_vehumet, first_ration,
          kennysheep_decorative_pillar
D:4:      layout_basic
D:5:      gammafunk_steamed_eel, layout_basic, nicolae_dithmenos_the_darkroom,
          grunt_qazlal_clouds, serial_glass, glass_columns_a, glass_columns_c,
          glass_columns_a, glass_columns_b, glass_columns_a, glass_columns_a,
          glass_columns_b, glass_columns_c, glass_columns_c, glass_columns_a,
          glass_columns_b, glass_columns_b, glass_columns_c, glass_columns_a,
          nicolae_ashenzari_panopticon
D:6:      layout_loops_cross, nicolae_gozag_cash_rules_everything_around_me

Skill      XL: |  1  2  3  4  5  6  7  8 |
---------------+-------------------------+-----
Fighting       | 4 5 |  5.3
Armour         | 4 5 6 |  6.0
Axes           | 3 4 5 7 |  7.7
Shields        | 4 5 6 |  6.0
Dodging        | 1 2 3 |  3.0
Stealth        | |  0.5

Action                   |  1- 3 |  4- 6 |  7- 9 || total
-------------------------+-------+-------+-------++-------
Melee: War axe           |    80 |   132 |   103 ||   315
       Headbutt          |    11 |    18 |    17 ||    46
  Use: Potion            |       |     2 |       ||     2
       Scroll            |       |       |     5 ||     5
  Eat: Chunk             |     1 |     6 |     5 ||    12
Armor: Scale mail        |    34 |    42 |    37 ||   113
Dodge: Dodged            |    20 |    53 |    38 ||   111
Block: Shield            |    37 |    66 |    77 ||   180

Table legend:
 A = Non-vault XP
 B = Vault XP
 C = Vault XP percentage of total XP
 D = Non-vault monster count
 E = Vault monster count
 F = Vault count percentage of total count
                 A         B        C        D         E       F
            +---------+---------+-------+---------+---------+-------
      Total |    1514 |      53 |   3.4 |      98 |      16 |  14.0
            +---------+---------+-------+---------+---------+-------
        D:1 |      30 |       0 |   0.0 |      18 |       0 |   0.0
        D:2 |      67 |      53 |  44.2 |      14 |      16 |  53.3
        D:3 |     395 |       0 |   0.0 |      33 |       0 |   0.0
        D:4 |     315 |       0 |   0.0 |      10 |       0 |   0.0
        D:5 |     458 |       0 |   0.0 |      15 |       0 |   0.0
        D:6 |     249 |       0 |   0.0 |       8 |       0 |   0.0
            +---------+---------+-------+---------+---------+-------
